 Dungeon Crawl Stone Soup version 0.30-a0-964-gd452b5e7fa (webtiles) character file.

Game seed: 16113094701084643075

437 Newt the Cutter (level 7, -3/44 HPs)
             Began as a Kobold Hunter on Mar 30, 2023.
             Slain by a hornet (10 damage)
             ... on level 4 of the Dungeon.
             The game lasted 00:03:18 (2257 turns).

Newt the Cutter (Kobold Hunter)                     Turns: 2257, Time: 00:03:19

Health: -3/44      AC:  4    Str:  8    XL:     7   Next: 21%
Magic:  7/7        EV: 14    Int: 11    God:
Gold:   135        SH:  0    Dex: 20    Spells: 6/6 levels left

rFire   . . .      SeeInvis .    a - +5 dagger
rCold   . . .      Faith    .    (no shield)
rNeg    . . .      Spirit   .    c - +1 leather armour
rPois   .          Reflect  .    (no helmet)
rElec   .          Rampage  .    (no cloak)
rCorr   .                        (no gloves)
Will    .....                    (no boots)
Stlth   ++++                     (no amulet)
HPRegen 0.27/turn                (no ring)
MPRegen 0.10/turn                (no ring)

@: hasted and slowed
A: small, no large weapons, nightstalker 3
a: no special abilities


You were on level 4 of the Dungeon.
You visited 1 branch of the dungeon, and saw 4 of its levels.

You collected 135 gold pieces.

Inventory:

Hand Weapons
 a - a +5 dagger (weapon)
 b - a +2 dagger of holy wrath
 g - a +0 shortbow
Armour
 c - a +1 leather armour (worn)
Scrolls
 e - a scroll of immolation
 f - 2 scrolls of magic mapping
 l - a scroll of teleportation {unknown}
Potions
 d - a potion of haste
 h - a potion of attraction
 i - 5 potions of curing
 j - a potion of flight
 k - a potion of cancellation
 m - a potion of mutation


   Skills:
 - Level 5.0 Fighting
 - Level 6.0 Short Blades
 - Level 5.3 Ranged Weapons
 - Level 2.4 Dodging
 + Level 4.5 Stealth


You had 6 spell levels left.
You didn't know any spells.
Your spell library was empty.

Dungeon Overview and Level Annotations

Branches:
Dungeon (4/15)
 Temple: D:4-7

Altars:
Zin


Innate Abilities, Weirdness & Mutations

You are small and have problems with some larger weapons.
You are completely attuned to the shadows.


Message History

The hornet buzzes angrily.
You hit the hornet.
The hornet is lightly wounded.
The hornet stings you!
You feel yourself slow down.
You hit the hornet.
The hornet is moderately wounded.
The hornet barely misses you. x2
You hit the hornet.
The hornet is moderately wounded.
The hornet misses you.
You hit the hornet.
The hornet is heavily wounded.
You feel yourself speed up. The hornet barely misses you.
The hornet stings you!
You are poisoned.
You feel yourself slow down.
You are too injured to fight recklessly!
You are too injured to fight recklessly!
Unknown command.
You closely miss the hornet.
The hornet is heavily wounded.
You feel very sick. The hornet stings you.
* * * LOW HITPOINT WARNING * * *
You feel as though you will be slow longer.
The hornet stings you.
* * * LOW HITPOINT WARNING * * *
You feel as though you will be slow longer.
You closely miss the hornet.
The hornet is heavily wounded.
You feel sick. The hornet barely misses you.
Unknown command.
You feel better. The hornet stings you.
* * * LOW HITPOINT WARNING * * *
You suddenly lose the ability to move!
The hornet stings you.
* * * LOW HITPOINT WARNING * * *
You feel as though you will be slow longer.
You can move again.
You feel yourself speed up. The hornet stings you!
You die...

# ##..# . #####...
#...#..# #...#..# #
#.....##### #
#..<...@y.# ####
#.........# ...##
#..........#
....######...........
..#................##
.......###...#....
.#####.....#.#### ..
##.....)# .
...#....####


You could see a hornet.

Vanquished Creatures
  Menkaure (D:4)
  A bullfrog (D:4)
  A scorpion (D:4)
  A hound (D:4)
  An orc priest (D:3)
  Natasha (D:3)
  3 adders
  2 worms
  2 dart slugs
  4 orcs
  3 bats
  4 endoplasms
  7 giant cockroaches
  6 goblins
  A hobgoblin (D:3)
  4 jackals (D:3)
  A quokka (D:2)
  6 ball pythons
  6 frilled lizards
  8 kobolds
  7 rats
70 creatures vanquished.

Notes
Turn   | Place    | Note
-------+----------+-------------------------------------------
     0 | D:1      | Newt the Kobold Hunter began the quest for the Orb.
     0 | D:1      | Reached XP level 1. HP: 12/12 MP: 1/1
   120 | D:1      | Reached XP level 2. HP: 18/18 MP: 2/2
   448 | D:2      | Reached XP level 3. HP: 23/23 MP: 3/3
   795 | D:2      | Reached XP level 4. HP: 30/30 MP: 4/4
  1527 | D:3      | Noticed Natasha
  1537 | D:3      | Killed Natasha
  1538 | D:3      | Reached skill level 5 in Fighting
  1538 | D:3      | Reached skill level 1 in Short Blades
  1538 | D:3      | Reached XP level 5. HP: 23/35 MP: 5/5
  1654 | D:3      | Reached skill level 2 in Short Blades
  1663 | D:3      | Found a faded altar of an unknown god.
  1710 | D:3      | Found a glowing silver altar of Zin.
  1805 | D:3      | Reached skill level 3 in Short Blades
  1908 | D:4      | Noticed Menkaure
  1912 | D:4      | Killed Menkaure
  1913 | D:4      | Reached skill level 5 in Short Blades
  1913 | D:4      | Reached XP level 6. HP: 40/40 MP: 6/6
  1959 | D:4      | Reached skill level 6 in Short Blades
  2003 | D:4      | Reached XP level 7. HP: 10/44 MP: 7/7
  2247 | D:4      | Noticed a hornet
  2256 | D:4      | Paralysed by a hornet for 1 turns
  2257 | D:4      | Slain by a hornet

Illustrated notes

Levels and vault maps discovered:
D:1:      lightli_arrival_maybe_door_vault, layout_rooms
D:2:      layout_rooms
D:3:      minmay_inner_zag, layout_rooms, zin_treasury,
          ebering_ecumenical_altar_hall, uniq_natasha
D:4:      layout_rooms, nicolae_hepliaklqana_hazy_memory,
          makhleb_heckhound_becter, gammafunk_ghost_arena,
          minmay_misc_feat_alley, supply_closet_lemuel, minivault_25,
          uniq_menkaure

Skill      XL: |  1  2  3  4  5  6  7 |
---------------+----------------------+-----
Fighting       | 3 4 5 |  5.0
Short Blades   | 1 5 6 |  6.0
Stealth        | 3 4 |  4.5
Ranged Weapons | |  5.3
Dodging        | |  2.4

Action                     |  1- 3 |  4- 6 |  7- 9 || total
---------------------------+-------+-------+-------++-------
  Melee: Dagger            |    39 |    94 |     9 ||   142
         Punch             |       |     1 |       ||     1
   Fire: Shortbow          |    23 |       |       ||    23
    Use: Scroll            |       |     8 |       ||     8
         Potion            |       |     2 |     2 ||     4
   Stab: Sleeping          |     8 |    12 |       ||    20
         Distracted        |       |     1 |       ||     1
 Armour: Leather armour    |     7 |    11 |     1 ||    19
  Dodge: Dodged            |    14 |    46 |     6 ||    66

Table legend: (Time is in decaauts)
 A = Elapsed time spent in this place.
 B = Non-inter-level travel time spent in this place.
 C = Inter-level travel time spent in this place.
 D = Time resting spent in this place.
 E = Time spent auto-exploring this place.
 F = Levels seen in this place.
 G = Mean time per level.
                   A        B        C        D        E       F      G
               +--------+--------+--------+--------+--------+-----+--------+
         Total |   2253 |   2189 |     64 |    246 |   1534 |   4 |  563.2 |
       Dungeon |   2253 |   2189 |     64 |    246 |   1534 |   4 |  563.2 |
               +--------+--------+--------+--------+--------+-----+--------+

Top non-repeatable levels by time:
     D:2: 719 daAuts
     D:3: 710 daAuts
     D:1: 451 daAuts
     D:4: 372 daAuts
